 Dungeon Crawl Stone Soup version 0.26-a0-752-gcff87cac9a (webtiles) character file.

Game seed: 16727664351138434006

580002 somkeydreadnuts the Englaciator (level 27, -15/158 HPs)
             Began as a Gargoyle Earth Elementalist on Nov 5, 2020.
             Was the Champion of Vehumet.
             Demolished by a lorocyproca (21 damage)
             ... in Pandemonium on Nov 7, 2020.
             The game lasted 10:12:26 (72680 turns).

somkeydreadnuts the Englaciator (GrEE)             Turns: 72680, Time: 10:12:27

Health: -15/158    AC: 25    Str: 13    XL:     27
Magic:  1/59       EV: 12    Int: 37    God:    Vehumet [******]
Gold:   6900       SH: 17    Dex:  7    Spells: 13/54 levels left

rFire    + + .     SeeInvis .   R - staff of cold
rCold    + + +     Faith    .   q - +2 kite shield {rN+}
rNeg     + + +     Spirit   .   U - +0 robe "Trusted Companion" {MR+ Regen+ Int+7 Dex-3}
rPois    ∞         Reflect  +   K - -2 hat "Wibops" {*Contam rC++ MR+++ MP+9}
rElec    +         Harm     +   a - scarf {+Inv}
rCorr    .         Rampage  .   X - +0 pair of gloves "Fixteh" {Harm MR+}
MR       +++++     Rnd*Rage +   V - +2 pair of boots {run} Stlth +++++.....Rnd*Tele +
                                O - amulet of reflection
HPRegen  0.00/turn              A - ring "Rejatasch" {rF+ rC+ MP+9}
MPRegen  0.36/turn              W - ring of the Falcon {rF+ rN++}

@: flying, quick
A: big wings, berserk 1, clever 1, deformed body, negative energy resistance 1,
electricity resistance, inhibited regeneration, teleportitis 1, unbreathing,
petrification resistance, rot immunity, AC +20
}: 3/15 runes: decaying, barnacled, silver
a: Stop Flying, Renounce Religion, Evoke Invisibility


You were in Pandemonium.
You worshipped Vehumet.
Vehumet was exalted by your worship.
You visited 9 branches of the dungeon, and saw 44 of its levels.
You visited Pandemonium 1 time, and saw 1 of its levels.
You also visited: Desolation.

You collected 9862 gold pieces.
You spent 2962 gold pieces at shops.

Inventory:

Hand Weapons
 Q - the +12 Vampire's Tooth {vamp}
   (You found it on level 11 of the Dungeon)

   It inflicts no extra harm, but heals its wielder when it wounds a living foe.
Missiles
 b - 782 stones (quivered)
Armour
 a - a scarf of invisibility (worn)
 q - a +2 kite shield of positive energy (worn)
 x - a +2 helmet of see invisible
 C - a +2 robe of the Archmagi
 K - the -2 hat "Wibops" (worn) {*Contam rC++ MR+++ MP+9}
   (You acquired it on level 3 of the Depths)

   It greatly protects you from cold.
   It affects your resistance to hostile enchantments.
   It affects your magic capacity (+9).
   It causes magical contamination when unequipped.
 U - the +0 robe "Trusted Companion" (worn) {MR+ Regen+ Int+7 Dex-3}
   (You bought it in a shop on level 3 of the Vaults)

   It affects your intelligence (+7).
   It affects your dexterity (-3).
   It affects your resistance to hostile enchantments.
   It increases your rate of regeneration.
 V - a +2 pair of boots of running (worn)
 X - the +0 pair of gloves "Fixteh" (worn) {Harm MR+}
   (You found it on level 4 of the Depths)

   It affects your resistance to hostile enchantments.
   It increases damage dealt and taken.
Magical Staves
 R - an uncursed staff of cold (weapon)
 Y - an uncursed staff of conjuration
Jewellery
 d - an uncursed ring of protection from fire
 A - the ring "Rejatasch" (left hand) {rF+ rC+ MP+9}
   (You found it on level 3 of the Elven Halls)

   [ring of magical power]

   It protects you from fire.
   It protects you from cold.
   It affects your magic capacity (+9).
 F - the ring of the Mage {Wiz MR++ Int+3}
   (You bought it in a shop on level 3 of the Elven Halls)

   [ring of wizardry]

   It improves your spell success rate.
   It affects your intelligence (+3).
   It affects your resistance to hostile enchantments.
 H - the ring "Hoziotz" {rC+ MR+ AC+4 Dex+2}
   (You acquired it on level 3 of the Lair of Beasts)

   [ring of protection]

   It affects your AC (+4).
   It affects your dexterity (+2).
   It protects you from cold.
   It affects your resistance to hostile enchantments.
 O - an amulet of reflection (around neck)
 P - the ring of Wiymupte {*Drain rPois Int+6 Stlth+}
   (You found it in the Desolation of Salt)

   [ring of intelligence]

   It affects your intelligence (+6).
   It protects you from poison.
   It causes draining when unequipped.
   It makes you more stealthy.
 W - the ring of the Falcon (right hand) {rF+ rN++}
   (You found it on level 4 of the Shoals)

   [ring of protection from fire]

   It protects you from fire.
   It greatly protects you from negative energy.
Wands
 i - a wand of flame (81)
 k - a wand of paralysis (25)
 p - a wand of disintegration (11)
 w - a wand of polymorph (36)
 D - a wand of digging (13)
 E - a wand of iceblast (34)
 J - a wand of acid (21)
 Z - a wand of enslavement (12)
Scrolls
 e - 20 scrolls of remove curse
 h - 12 scrolls of amnesia
 j - 19 scrolls of identify
 l - a scroll of blinking
 u - 7 scrolls of magic mapping
 v - 7 scrolls of fog
 z - 2 scrolls of torment
 B - 11 scrolls of enchant weapon
 I - 4 scrolls of fear
 N - 3 scrolls of enchant armour
 S - 13 scrolls of teleportation
Potions
 c - 7 potions of heal wounds
 g - 6 potions of ambrosia
 m - 6 potions of haste
 o - 11 potions of curing
 s - 6 potions of cancellation
 t - 2 potions of magic
 G - 6 potions of brilliance
 L - 4 potions of resistance
Miscellaneous
 f - a condenser vane
 n - a lightning rod (4/4)
 r - a phial of floods
 y - a phantom mirror
 M - a box of beasts
 T - a tin of tremorstones (2/2)


   Skills:
 - Level 12.4 Fighting
 - Level 5.2(6.0) Short Blades
   Level 4.5(5.7) Long Blades
 - Level 2.3 Staves
 - Level 8.0 Armour
 - Level 5.5 Dodging
 - Level 12.8 Stealth
 - Level 10.0 Shields
 - Level 14.2 Spellcasting
 - Level 16.3 Conjurations
 + Level 12.1 Hexes
   Level 0.7 Transmutations
 - Level 5.1 Fire Magic
 O Level 27 Ice Magic
 - Level 11.0 Earth Magic
 - Level 16.0 Evocations


You had 13 spell levels left.
You knew the following spells:

 Your Spells              Type           Power        Failure   Level
a - Sandblast             Erth           ######       1%          1
b - Foxfire               Conj/Fire      ####         1%          1
c - Orb of Destruction    Conj           #######...   1%          7
d - Absolute Zero         Ice            ########..   1%          9
e - Bolt of Magma         Conj/Fire/Erth #######...   1%          5
f - Ozocubu's Refrigerat  Ice            ########..   0%          6
g - Iron Shot             Conj/Erth      #######...   1%          6
h - Invisibility          Hex            #######.     3%          6

Your spell library contained the following spells:

 Spells                   Type           Power        Failure   Level
 Lehudib's Crystal Spear  Conj/Erth      #######...   17%         8
 Ignition                 Fire           ######....   99%         8
 Freeze                   Ice            ####         0%          1
 Magic Dart               Conj           ####         0%          1
 Ensorcelled Hibernation  Hex/Ice        ######       0%          2
 Searing Ray              Conj           ######       0%          2
 Dazzling Flash           Conj/Hex       ######       0%          3
 Frozen Ramparts          Ice            ######       0%          3
 Ozocubu's Armour         Ice            ########     0%          3
 Hailstorm                Conj/Ice       ########     0%          4
 Beastly Appendage        Tmut           ####..       1%          1
 Corona                   Hex            #######      1%          1
 Passwall                 Tmut/Erth      ######..     1%          2
 Slow                     Hex            #######.     1%          2
 Confusing Touch          Hex            #######.     1%          3
 Conjure Flame            Conj/Fire      #######.     1%          3
 Ignite Poison            Fire/Tmut/Pois #####...     1%          3
 Inner Flame              Hex/Fire       ######..     1%          3
 Mephitic Cloud           Conj/Pois/Air  ######..     1%          3
 Stone Arrow              Conj/Erth      ######       1%          3
 Tukima's Dance           Hex            #######.     1%          3
 Cause Fear               Hex            #######...   1%          4
 Fulminant Prism          Conj/Hex       #######...   1%          4
 Ice Form                 Ice/Tmut       ########     1%          4
 Iskenderun's Mystic Bla  Conj/Tloc      ######..     1%          4
 Leda's Liquefaction      Hex/Erth       #######...   1%          4
 Sticky Flame             Conj/Fire      #######.     1%          4
 Summon Ice Beast         Ice/Summ       ########     1%          4
 Fireball                 Conj/Fire      #######...   1%          5
 Irradiate                Conj/Tmut      ######....   1%          5
 Iskenderun's Battlesphe  Conj           #######.     1%          5
 Lee's Rapid Deconstruct  Erth           #######...   1%          5
 Lightning Bolt           Conj/Air       ######....   1%          5
 Metabolic Englaciation   Hex/Ice        ########..   1%          5
 Yara's Violent Unravell  Hex/Tmut       ######....   1%          5
 Freezing Cloud           Conj/Ice/Air   ########..   1%          6
 Simulacrum               Ice/Necr       ########..   1%          6
 Apportation              Tloc           ####..       2%          1
 Sting                    Tmut/Pois      ####         2%          1
 Petrify                  Tmut/Erth      ######..     2%          4
 Wereblood                Tmut           ####....     3%          2
 Blink                    Tloc           N/A          4%          2
 Call Imp                 Summ           ####....     4%          2
 Poisonous Vapours        Pois/Air       ####..       4%          2
 Swiftness                Air            ####....     4%          2
 Silence                  Hex/Air        ######....   6%          5
 Summon Mana Viper        Hex/Summ       ######..     6%          5
 Spider Form              Tmut/Pois      ####......   7%          3
 Olgreb's Toxic Radiance  Pois           ####....     7%          4
 Borgnjor's Vile Clutch   Necr/Erth      ######....   8%          5
 Gell's Gravitas          Tloc           ####......   9%          3
 Lesser Beckoning         Tloc           ####......   9%          3
 Teleport Other           Tloc           ####....     9%          3
 Spellforged Servitor     Conj/Summ      ######....   21%         7
 Passage of Golubria      Tloc           N/A          26%         4
 Blade Hands              Tmut           ####......   50%         5
 Alistair's Intoxication  Tmut/Pois      ####.....    54%         5
 Summon Demon             Summ           ####......   58%         5
 Summon Forest            Summ/Tloc      ####......   58%         5
 Discord                  Hex            #######...   77%         8
 Hydra Form               Tmut           ####......   97%         6
 Eringya's Noxious Bog    Tmut/Pois      ####......   98%         6
 Dispersal                Tloc           ####......   99%         6
 Shadow Creatures         Summ           N/A          99%         6
 Dragon Form              Tmut           ####......   100%        7
 Summon Hydra             Summ           ####......   100%        7
 Disjunction              Tloc           ####......   100%        8
 Dragon's Call            Summ           ####......   100%        9
 Sublimation of Blood     Necr           Unusable     N/A         2
 Statue Form              Tmut/Erth      Unusable     N/A         6

Dungeon Overview and Level Annotations

Branches:
Dungeon (15/15)            Temple (1/1) D:4            Lair (6/6) D:11
  Swamp (4/4) Lair:3       Shoals (4/4) Lair:3        Slime (0/5) Lair:6
    Orc (2/2) D:10            Elf (3/3) Orc:2        Vaults (5/5) D:13
  Crypt (0/3) Vaults:2     Depths (4/5) D:15        Desolation (visited)
  Snake: Lair:2-4    Spider: Lair:2-4

Altars:
Ashenzari
Cheibriados
Dithmenos
Elyvilon
Fedhas
Gozag
Hepliaklqana
Kikubaaqudgha
Makhleb
Nemelex Xobeh
Okawaru
Qazlal
Ru
Sif Muna
Trog
Uskayaw
Vehumet
Wu Jian
Xom
Yredelemnul
Zin
The Shining One
Beogh
Jiyva

Shops:
D:7 [   D:11 *   Orc:1 !   Orc:2 ?[*}:   Elf:3 =(*=   Shoals:2 =   Shoals:4 *
Vaults:3 *

Portals:
Hell: Depths:1 Depths:2 Depths:3 Depths:4
Abyss: Depths:4
Pandemonium: Orc:2 Depths:1 Depths:3 Depths:4
Ziggurat: Depths:1

Annotations:
Lair:6 1 runed translucent door
Shoals:1 exclusion: sea snake


Innate Abilities, Weirdness & Mutations

You are resistant to torment.
Your stone body is resilient. (AC +20)
You are immune to poison.
Your large and strong wings let you fly indefinitely.
You resist negative energy. (rN+)
You are resistant to electric shocks. (rElec)
You can survive without breathing.
You are immune to petrification.
You are immune to rotting.
You tend to lose your temper in combat.
Your mind is acute. (Int +2)
Armour fits poorly on your strangely shaped body.
You do not regenerate when monsters are visible.
You are occasionally teleported next to monsters.


Message History

Something hits you!!
You feel your power leaking away. Something hits you!
As you read the scroll of teleportation, it crumbles to dust.
You feel strangely unstable. Something hits you!
* * * LOW HITPOINT WARNING * * *
You feel much better. Something hits you!!
* * * LOW HITPOINT WARNING * * *
You feel your power leaking away.
Press: ? - help, Dir - move target cursor
As you read the scroll of blinking, it crumbles to dust.
Unknown command.
You feel much better. Something hits you!!
* * * LOW HITPOINT WARNING * * *
Unknown command.
Press: ? - help, Dir - move target cursor
As you read the scroll of blinking, it crumbles to dust.
Your surroundings seem slightly different.
Something hits you!!
You die...

...# #...........#.....
...# #...........#8.[##
...# #...........#...# ...#
###### #.#########.....##
...# ######## #.#
######....... .(.#
##.§..####.####....##..####
####
#......##...##......#..# #
#...#...#..)#§..#.36#..#
#####
#..###...#@#...###..#...
....# #∩. #....#.)..#
#.3#.... ....# #..
#...#§#...# #..#.....
....###..
#...#...#...#...#......
.....##......##...##.....
.....# ...####.####....#
##...# #### #.# ######
#....# ### ... ####..
.#....# #### .#


There were no monsters in sight!

Vanquished Creatures
  Mara (Shoals:3)
  Mennas (Vaults:2)
  Bai Suzhen (Shoals:3)
  A pandemonium lord (Pan)
  A caustic shrike (Depths:4)
  A golden dragon (Depths:4)
  7 Brimstone Fiends (Pan)
  2 bone dragons (Depths:3)
  A Tzitzimitl (Pan)
  5 tentacled monstrosities
  Jorgrun (Shoals:2)
  A titan (Vaults:5)
  2 deep elf master archers (Elf:3)
  3 deep elf blademasters
  An Executioner (Pan)
  2 quicksilver dragons (Vaults:5)
  A lich (Depths:3)
  A quicksilver dragon (shapeshifter) (Depths:4)
  An ancient champion (Vaults:2)
  Polyphemus (Shoals:4)
  5 krakens
  5 shadow dragons (Vaults:5)
  6 sphinxes
  Agnes (Vaults:2)
  2 thorn hunters (Swamp:4)
  8 storm dragons
  Roxanne (D:14)
  9 tengu reavers
  A fire giant (shapeshifter) (Depths:4)
  Ilsuiw (Shoals:3)
  An orc warlord (Orc:1)
  6 deep elf sorcerers
  The ghost of Jafont the Arsonist, a journeyman HOFE of Okawaru (Shoals:3)
  A draconian knight (Vaults:2)
  21 vault wardens
  5 fire giants
  A balrug (Pan)
  Louise (Shoals:3)
  7 frost giants
  2 imperial myrmidons (Desolation)
  A warmonger (Pan)
  A ghoul (Vaults:5)
  An emperor scorpion (shapeshifter) (Depths:4)
  6 spriggan defenders
  Aizul (Vaults:1)
  5 deep elf elementalists
  A juggernaut skeleton (Depths:2)
  3 blood saints (Pan)
  14 very ugly things
  A war gargoyle (Vaults:5)
  11 ironheart preservers
  5 entropy weavers
  8 deep elf demonologists
  26 stone giants
  A minotaur (D:12)
  4 vampire knights
  A black sun (Pan)
  A halazid warlock (Desolation)
  2 black draconians (Depths:3)
  4 spark wasps
  4 bunyips
  2 white draconians (Depths:3)
  14 deep elf annihilators
  Azrael (Orc:2)
  7 deep elf death magi
  Snorg (Orc:1)
  The ghost of robertstho the Thaumaturge, a journeyman GnFE of Gozag (D:12)
  2 blizzard demons
  A mummy priest (Depths:3)
  5 merfolk javelineers
  12 ettins
  2 crystal guardians (Desolation)
  5 eleionomae
  7 merfolk impalers
  2 deep elf high priests
  A shambling mangrove (Swamp:1)
  3 jiangshi
  9 fire dragons
  8 great orbs of eyes
  13 ogre magi
  15 yaktaur captains
  7 ragged hierophants (Desolation)
  14 ice dragons
  7 peacekeepers (Desolation)
  22 hydras
  34 vault guards
  Fannar (Lair:1)
  A naga warrior (Depths:3)
  5 servants of whispers (Desolation)
  9 boulder beetles
  18 centaur warriors
  7 rakshasas
  6 merfolk avatars
  A ghost crab (Swamp:1)
  A catoblepas (Shoals:4)
  2 alligator snapping turtles (Shoals:3)
  An anaconda (Depths:3)
  3 merfolk aquamancers
  34 two-headed ogres
  The ghost of Grant146 the Cleaver, a novice MiBe of Trog (D:10)
  A queen ant (Lair:5)
  A deep troll shaman (Depths:4)
  7 vampire magi
  5 alligators
  11 tengu warriors
  9 spriggan berserkers
  18 dancing weapons
  3 death knights (Vaults:5)
  11 orc high priests
  5 deep troll earth magi
  2 satyrs (Shoals:4)
  9 death yaks
  10 goliath frogs
  11 hell knights
  4 soul eaters (Pan)
  5 spriggans
  Nergalle (Lair:3)
  3 hell hogs (Depths:3)
  19 deep elf knights
  4 sun demons
  A shock serpent (shapeshifter) (Vaults:5)
  7 skeletal warriors
  3 spriggan druids
  A storm dragon skeleton (Depths:2)
  3 unseen horrors
  3 glowing orange brains
  A shadow wraith (Vaults:3)
  11 sea snakes
  5 flayed ghosts
  4 torturous demonspawn (Pan)
  A lindwurm (shapeshifter) (Depths:3)
  12 wizards
  A gelid demonspawn (Pan)
  5 deep trolls
  4 infernal demonspawn
  A tengu zombie (Depths:2)
  5 bog bodies
  14 swamp dragons
  14 necromancers
  A sphinx zombie (Depths:1)
  21 ironbrand convokers
  A lindwurm (Lair:6)
  17 deep elf archers
  79 deep elf magi
  A golden dragon skeleton (Depths:2)
  2 phantasmal warriors
  An iron dragon zombie (Vaults:5)
  Pikel (D:8)
  23 harpies
  17 orc knights
  A wolf spider zombie (D:12)
  3 orb spiders (shapeshifter)
  2 manticores (shapeshifter)
  5 orc sorcerers
  88 ugly things
  3 wolf spiders
  3 will-o-the-wisps
  11 fauns
  A salamander (shapeshifter) (Vaults:2)
  A shadow dragon skeleton (Vaults:5)
  16 manticores
  An iron dragon skeleton (Depths:2)
  13 cyclopes
  2 fire giant skeletons (Vaults:5)
  2 stone giant skeletons (Vaults:5)
  A naga mage (Depths:3)
  Joseph (D:8)
  A black mamba (shapeshifter) (D:10)
  An ice statue (Elf:1)
  8 merfolk sirens
  20 vault sentinels
  15 elephants
  3 guardian serpents (shapeshifter)
  3 smoke demons
  8 water nymphs
  A titan simulacrum (Vaults:5)
  A molten gargoyle (Desolation)
  6 guardian serpents
  A gargoyle (D:14)
  8 black mambas
  8 cane toads
  6 torpor snails (Lair:6)
  2 rust devils (D:14)
  3 spectral swamp worms (Depths:1)
  An orange demon (D:14)
  A human zombie (Vaults:5)
  8 rime drakes
  A cane toad (shapeshifter) (Vaults:1)
  2 kobold demonologists (D:13)
  11 komodo dragons
  A yaktaur (shapeshifter) (Depths:2)
  3 freezing wraiths
  62 yaktaurs
  A demonic crawler (Pan)
  A spark wasp simulacrum (Depths:1)
  A yaktaur skeleton (Vaults:5)
  3 tengu conjurers
  An efreet (D:13)
  10 trolls
  A guardian mummy (Depths:3)
  An ice devil (Orc:2)
  3 hellwings
  A jumping spider (shapeshifter) (Depths:4)
  6 wind drakes
  2 bloated husks
  12 merfolk
  A hornet (shapeshifter) (Elf:3)
  21 blink frogs
  11 tyrant leeches
  48 saltlings (Desolation)
  54 slime creatures
  A raiju (shapeshifter) (D:10)
  14 hornets
  An iron dragon simulacrum (Depths:1)
  A fire giant simulacrum (Depths:2)
  7 snapping turtles
  20 dream sheep
  A dream sheep (shapeshifter) (Vaults:5)
  A shadow (D:13)
  A spriggan skeleton (Depths:2)
  A deep troll skeleton (Depths:1)
  5 air elementals
  4 ynoxinuls (Pan)
  2 redbacks (shapeshifter)
  3 redbacks (Vaults:3)
  Sigmund (D:2)
  An ice dragon skeleton (Depths:1)
  62 yaks
  15 water elementals
  10 fire elementals
  7 wyverns
  A large abomination (Pan)
  6 vampires
  A basilisk (shapeshifter) (Elf:3)
  6 basilisks
  Grum (D:8)
  7 wraiths
  5 neqoxecs
  2 humans (shapeshifter)
  A chaos spawn (Orc:2)
  10 vampire mosquitoes
  A swamp worm (shapeshifter) (Vaults:5)
  19 swamp worms
  12 wargs
  A harpy simulacrum (D:13)
  26 soldier ants
  5 acid dragons
  11 water moccasins
  16 hell hounds
  A human skeleton (Depths:2)
  2 ice beasts
  6 swamp drakes
  6 sky beasts
  A black bear (shapeshifter) (Depths:1)
  4 black bears
  An eye of draining (shapeshifter) (D:10)
  A hornet zombie (D:13)
  68 orc warriors
  2 necrophages
  31 ogres
  2 phantoms
  A boggart (shapeshifter) (Vaults:5)
  3 eyes of draining
  5 wolves
  6 boggarts
  2 lemures (D:7)
  22 centaurs
  26 bullfrogs
  6 big kobolds
  A wyvern zombie (D:12)
  A wyvern skeleton (D:14)
  8 scorpions
  6 killer bees
  A killer bee (shapeshifter) (Elf:2)
  17 wights
  7 howler monkeys
  An electric eel (Lair:3)
  A bullfrog zombie (D:13)
  6 centaur zombies
  2 jellies
  7 hounds
  A quasit (Depths:3)
  35 orc priests
  37 orc wizards
  Crazy Yiuf (D:2)
  3 centaur skeletons
  Jessica (D:3)
  4 bullfrog skeletons
  5 iguanas
  22 worker ants
  A hound skeleton (D:8)
  3 mummies (Depths:3)
  A worker ant zombie (D:11)
  22 gnolls
  13 adders
  A shadow imp (D:8)
  A white imp (D:5)
  An ufetubus (D:6)
  2 oozes (D:3)
  An adder skeleton (D:7)
  A worm (D:4)
  3 dart slugs
  4 leopard geckos
  101 orcs
  15 bats
  3 giant cockroaches
  4 goblins
  10 hobgoblins
  10 jackals
  16 kobolds
  6 quokkas
  3 ball pythons (D:2)
  2 frilled lizards
  A jackal skeleton (D:6)
  4 rats
  3 blocks of ice
  10 briar patches (Swamp:4)
  6 bushes (Lair:6)
  A butterfly (Lair:4)
  12 tentacles
2335 creatures vanquished.

Vanquished Creatures (collateral kills)
  A vampire knight (Depths:4)
  A vault guard (D:13)
  A dancing weapon (Elf:2)
  A vampire mage (Depths:4)
  A skeletal warrior (D:11)
  A gelid demonspawn (Orc:2)
  An ugly thing (D:15)
  An iron dragon zombie (Depths:1)
  A cyclops (D:13)
  2 spectral swamp worms (Depths:1)
  An ettin skeleton (Depths:1)
  An orc warrior (D:13)
  2 wights (D:15)
  An orc (D:13)
16 creatures vanquished.

Vanquished Creatures (others)
  A very ugly thing (Depths:4)
  A hydra (Swamp:4)
  A deep elf knight (Elf:2)
  A deep elf mage (D:15)
  An ugly thing (D:15)
  An ogre (Vaults:3)
  An orc priest (Orc:2)
  A ball lightning (Depths:3)
  55 blocks of ice
  A bush (Lair:3)
  58 foxfires
  68 fungi
  189 plants
  6 tentacles
385 creatures vanquished.

Grand Total: 2736 creatures vanquished

Notes
Turn   | Place    | Note
-------+----------+-------------------------------------------
     0 | D:1      | somkeydreadnuts the Gargoyle Earth Elementalist began the
                  | quest for the Orb.
     0 | D:1      | Reached XP level 1. HP: 10/10 MP: 3/3
   335 | D:1      | Reached XP level 2. HP: 15/15 MP: 3/5
  1066 | D:1      | Reached XP level 3. HP: 19/19 MP: 4/6
  1161 | D:2      | Noticed Sigmund
  1167 | D:2      | Killed Sigmund
  1167 | D:2      | Reached XP level 4. HP: 20/24 MP: 1/7
  1167 | D:2      | Reached XP level 5. HP: 23/28 MP: 1/8
  1517 | D:2      | Reached XP level 6. HP: 7/32 MP: 0/9
  1942 | D:2      | Found a burning altar of Makhleb.
  2243 | D:2      | Found a runed translucent door.
  2244 | D:2      | Noticed Crazy Yiuf
  2250 | D:2      | Killed Crazy Yiuf
  2948 | D:3      | Found a broken altar of Ashenzari.
  3023 | D:3      | Found a glowing silver altar of Zin.
  3216 | D:3      | Noticed Jessica
  3222 | D:3      | Killed Jessica
  3225 | D:3      | Found a snail-covered altar of Cheibriados.
  3373 | D:4      | Reached skill level 1 in Staves
  3387 | D:4      | Reached XP level 7. HP: 17/36 MP: 1/10
  3806 | D:4      | Found a staircase to the Ecumenical Temple.
  3815 | Temple   | Entered the Ecumenical Temple
  3837 | Temple   | Became a worshipper of Vehumet
  4013 | D:4      | Found a sacrificial altar of Ru.
  4013 | D:4      | Found a blossoming altar of Fedhas.
  4644 | D:5      | Entered Level 5 of the Dungeon
  4684 | D:5      | Reached skill level 10 in Earth Magic
  4689 | D:5      | Learned a level 3 spell: Stone Arrow
  4695 | D:5      | Learned a level 5 spell: Lee's Rapid Deconstruction
  4920 | D:5      | Reached XP level 8. HP: 36/41 MP: 11/11
  5301 | D:5      | You fall into a shaft and drop 1 floor!
  5310 | D:6      | Reached skill level 5 in Spellcasting
  5521 | D:5      | Reached * piety under Vehumet
  5521 | D:5      | Offered knowledge of Foxfire by Vehumet.
  5826 | D:6      | Reached XP level 9. HP: 45/45 MP: 15/19
  6171 | D:6      | Found a shimmering altar of Xom.
  6315 | D:6      | Found a bloodstained altar of Trog.
  6667 | D:7      | Found Hen Juw's Armour Shop.
  7207 | D:7      | Reached skill level 1 in Fighting
  7396 | D:8      | Noticed Grum
  7554 | D:8      | Killed Grum
  7596 | D:8      | Noticed Pikel
  7686 | D:8      | Killed Pikel
  7704 | D:8      | Found a basalt altar of Yredelemnul.
  7735 | D:8      | Noticed Joseph
  7751 | D:8      | Killed Joseph
  7751 | D:8      | Reached XP level 10. HP: 35/63 MP: 6/22
  8021 | D:8      | Learned a level 1 spell: Foxfire
  8029 | D:8      | Reached skill level 1 in Evocations
  8208 | D:8      | Found a hazy altar of Hepliaklqana.
  8282 | D:8      | Found a white marble altar of Elyvilon.
  8391 | D:9      | Reached ** piety under Vehumet
  8391 | D:9      | Offered knowledge of Magic Dart by Vehumet.
  8613 | D:9      | Found an iron altar of Okawaru.
  8613 | D:9      | Found a sparkling altar of Nemelex Xobeh.
  9296 | D:10     | Entered Level 10 of the Dungeon
  9334 | D:10     | Noticed a two-headed ogre
  9342 | D:10     | Killed a two-headed ogre
  9342 | D:10     | Reached skill level 5 in Evocations
  9433 | D:10     | Reached XP level 11. HP: 67/71 MP: 6/23
  9607 | D:10     | Noticed a manticore
  9611 | D:10     | Noticed a cyclops
  9613 | D:10     | Killed a manticore
  9620 | D:10     | Killed a cyclops
  9822 | D:10     | Offered knowledge of Frozen Ramparts by Vehumet.
 10086 | D:10     | Found a staircase to the Orcish Mines.
 10096 | D:10     | Reached *** piety under Vehumet
 10108 | D:10     | Noticed a two-headed ogre
 10116 | D:10     | Killed a two-headed ogre
 10388 | D:10     | Offered knowledge of Inner Flame by Vehumet.
 10521 | D:10     | Found a runed translucent gate.
 10521 | D:10     | Noticed a purple ugly thing
 10522 | D:10     | Found a runed translucent gate.
 10522 | D:10     | Noticed a brown ugly thing
 10524 | D:10     | Found a runed translucent gate.
 10524 | D:10     | Noticed a red ugly thing
 10524 | D:10     | Noticed a purple very ugly thing
 10524 | D:10     | Noticed a purple ugly thing
 10524 | D:10     | Noticed a purple ugly thing
 11085 | D:11     | Learned a level 3 spell: Inner Flame
 11416 | D:11     | Found a staircase to the Lair.
 11424 | D:11     | Reached **** piety under Vehumet
 11436 | D:11     | Reached skill level 10 in Evocations
 11506 | D:11     | Found Purhoikh's General Store.
 11532 | D:11     | Bought a scroll of amnesia for 45 gold pieces
 11631 | D:11     | Offered knowledge of Bolt of Magma by Vehumet.
 11646 | D:11     | Learned a level 5 spell: Bolt of Magma
 11684 | D:11     | Found a burning altar of Makhleb.
 11832 | D:11     | Reached skill level 1 in Conjurations
 11832 | D:11     | Reached skill level 1 in Fire Magic
 11858 | D:11     | Reached XP level 12. HP: 44/76 MP: 8/24
 12011 | D:11     | Found the +12 Vampire's Tooth {vamp}
 12262 | D:11     | Reached skill level 1 in Short Blades
 12765 | D:12     | Reached ***** piety under Vehumet
 12765 | D:12     | Offered knowledge of Ozocubu's Refrigeration by Vehumet.
 12781 | D:12     | Noticed robertstho's ghost (journeyman GnFE)
 12783 | D:12     | Noticed a minotaur
 13243 | D:11     | HP: 2/76 [skeletal warrior/+0 flail[a skeletal warrior]
                  | (19)]
 13689 | D:12     | Reached skill level 5 in Conjurations
 13821 | D:12     | Reached skill level 5 in Short Blades
 13821 | D:12     | Reached skill level 5 in Fire Magic
 13940 | D:12     | Learned a level 6 spell: Ozocubu's Refrigeration
 13955 | D:12     | Reached skill level 1 in Ice Magic
 14043 | D:12     | Found a runed translucent gate.
 14045 | D:12     | Found a runed translucent gate.
 14047 | D:12     | Found a runed translucent gate.
 14100 | D:12     | Reached skill level 2 in Ice Magic
 14252 | D:13     | Reached skill level 3 in Ice Magic
 14445 | D:13     | Reached skill level 4 in Ice Magic
 14549 | D:13     | Noticed a seven-headed hydra
 14554 | D:13     | Killed a seven-headed hydra
 14554 | D:13     | Reached skill level 5 in Ice Magic
 14554 | D:13     | Reached XP level 13. HP: 52/80 MP: 19/25
 14694 | D:13     | Reached skill level 6 in Ice Magic
 14702 | D:13     | Got a brightly glowing great sword
 14703 | D:13     | Identified the +10 great sword "Gexkask" {drain, Fragile
                  | Str+4 Int+3 SInv} (You found it on level 13 of the Dungeon)
 14891 | D:13     | Reached skill level 7 in Ice Magic
 14898 | D:13     | Noticed a vault guard
 14900 | D:13     | Killed a vault guard
 15208 | D:13     | Reached skill level 8 in Ice Magic
 15304 | D:13     | Offered knowledge of Conjure Ball Lightning by Vehumet.
 15477 | D:13     | Found a gate to the Vaults.
 16221 | Lair:1   | Entered Level 1 of the Lair of Beasts
 16262 | Lair:1   | Reached skill level 9 in Ice Magic
 16412 | Lair:1   | Reached skill level 10 in Ice Magic
 16769 | Lair:1   | Noticed Fannar
 16782 | Lair:1   | Killed Fannar
 17457 | Lair:2   | Reached skill level 11 in Ice Magic
 17590 | Lair:2   | Offered knowledge of Iron Shot by Vehumet.
 17598 | Lair:2   | Learned a level 6 spell: Iron Shot
 18459 | Lair:3   | Gained mutation: Your large and strong wings let you fly
                  | indefinitely. [Gargoyle growth]
 18459 | Lair:3   | Reached XP level 14. HP: 80/86 MP: 17/26
 18624 | Lair:3   | Reached skill level 12 in Ice Magic
 18709 | Lair:3   | Noticed Nergalle
 18711 | Lair:3   | Killed Nergalle
 18738 | Lair:3   | Identified 4 scrolls of acquirement
 18747 | Lair:3   | Acquired an uncursed ring of wizardry
 18753 | Lair:3   | Acquired a +1 pair of boots of running
 18896 | Lair:3   | Found a staircase to the Shoals.
 18915 | Lair:3   | Acquired 469 gold pieces
 18920 | Lair:3   | Acquired the ring "Hoziotz" {rC+ MR+ AC+4 Dex+2}
 19305 | Lair:3   | Found a staircase to the Swamp.
 19959 | Lair:4   | Reached skill level 13 in Ice Magic
 20707 | Lair:4   | Got a wizard robe
 20718 | Lair:4   | Identified the +2 robe "Poemuam" {rPois Str+8 Dex+3 Stlth-}
                  | (You found it on level 4 of the Lair of Beasts)
 21046 | Lair:5   | Noticed an entropy weaver
 21053 | Lair:5   | Killed an entropy weaver
 21053 | Lair:5   | Reached skill level 14 in Ice Magic
 21203 | Lair:5   | Noticed an entropy weaver
 21206 | Lair:5   | Killed an entropy weaver
 22123 | Lair:5   | Reached skill level 15 in Ice Magic
 22744 | Lair:6   | Entered Level 6 of the Lair of Beasts
 22920 | Lair:6   | Reached XP level 15. HP: 90/90 MP: 20/27
 23145 | Lair:6   | Found a runed translucent door.
 23145 | Lair:6   | Found a viscous altar of Jiyva.
 23146 | Lair:6   | Found a staircase to the Slime Pits.
 23146 | Lair:6   | Noticed an acid blob
 24162 | Lair:6   | Found a runed translucent door.
 24655 | Lair:6   | Reached skill level 10 in Spellcasting
 25209 | Orc:1    | Entered Level 1 of the Orcish Mines
 25316 | Orc:1    | Reached skill level 1 in Long Blades
 25316 | Orc:1    | Reached skill level 1 in Armour
 25319 | Orc:1    | Found a roughly hewn altar of Beogh.
 25447 | Orc:1    | Found Himea's Distillery.
 25457 | Orc:1    | Bought a potion of heal wounds for 50 gold pieces
 25457 | Orc:1    | Bought 2 potions of ambrosia for 160 gold pieces
 25457 | Orc:1    | Bought a potion of curing for 30 gold pieces
 25480 | Orc:1    | Reached ****** piety under Vehumet
 25480 | Orc:1    | Offered knowledge of Freezing Cloud by Vehumet.
 25484 | Orc:1    | Found a roughly hewn altar of Beogh.
 25708 | Orc:1    | Noticed Snorg
 25713 | Orc:1    | Killed Snorg
 25828 | Orc:2    | Entered Level 2 of the Orcish Mines
 26265 | Orc:2    | Found Huicogeg's Magic Scroll Boutique.
 26266 | Orc:2    | Found Unoeqa's General Store.
 26536 | Orc:2    | Reached skill level 5 in Armour
 26536 | Orc:2    | Reached XP level 16. HP: 73/96 MP: 8/30
 26595 | Orc:2    | Offered knowledge of Orb of Destruction by Vehumet.
 26843 | Orc:2    | Found Gati's Gadget Shoppe.
 26843 | Orc:2    | Found Coerioq's Antique Armour Emporium.
 26844 | Orc:2    | Found a one-way gate leading to the halls of Pandemonium.
 27031 | Orc:2    | Noticed Azrael
 27035 | Orc:2    | Killed Azrael
 27041 | Orc:2    | Found a staircase to the Elven Halls.
 27042 | Orc:2    | Found Witrecvy's Book Shop.
 27100 | Orc:2    | Bought a book of Party Tricks for 650 gold pieces
 27107 | Orc:2    | Learned a level 6 spell: Invisibility
 27737 | Elf:1    | Entered Level 1 of the Elven Halls
 27843 | Elf:1    | Learned a level 7 spell: Orb of Destruction
 28309 | Elf:1    | Reached skill level 5 in Dodging
 28414 | Elf:1    | Found a frozen archway.
 28708 | Elf:1    | You are sucked into a shaft and drop 1 floor!
 28817 | Elf:2    | Reached skill level 10 in Conjurations
 29282 | Elf:1    | Offered knowledge of Lightning Bolt by Vehumet.
 29431 | Elf:1    | Identified the +9 flail of the Eternal Warrior {freeze,
                  | +Blink rN+ MP+9 Dex+2}
 30011 | Elf:2    | Found a runed translucent gate.
 30011 | Elf:2    | Found a runed translucent gate.
 30011 | Elf:2    | Found a runed translucent gate.
 30014 | Elf:2    | Reached XP level 17. HP: 97/100 MP: 22/31
 30461 | Elf:2    | Noticed a deep elf blademaster
 30466 | Elf:2    | Killed a deep elf blademaster
 31446 | Elf:3    | Entered Level 3 of the Elven Halls
 31446 | Elf:3    | Found Oreeroyx's Jewellery Shop.
 31617 | Elf:3    | Bought the ring of the Mage {Wiz MR++ Int+3} for 1085 gold
                  | pieces
 31617 | Elf:3    | Found the ring of the Mage {Wiz MR++ Int+3}
 31649 | Elf:3    | Noticed a deep elf blademaster
 31649 | Elf:3    | Reached skill level 1 in Hexes
 31652 | Elf:3    | Offered knowledge of Starburst by Vehumet.
 31653 | Elf:3    | Reached skill level 5 in Hexes
 31654 | Elf:3    | Killed a deep elf blademaster
 31662 | Elf:3    | Noticed a deep elf master archer
 31662 | Elf:3    | Noticed a deep elf blademaster
 31663 | Elf:3    | Noticed a deep elf master archer
 31665 | Elf:3    | Killed a deep elf master archer
 31666 | Elf:3    | Killed a deep elf master archer
 31666 | Elf:3    | Reached XP level 18. HP: 105/105 MP: 21/32
 31666 | Elf:3    | Killed a deep elf blademaster
 31872 | Elf:3    | Identified the +5 flail "Udebaol" {venom, rPois Dex+6}
 31921 | Elf:3    | Found the +8 arc blade {discharge, rElec}
 31949 | Elf:3    | Found the +11 plutonium sword {*Contam Stlth-}
 32002 | Elf:3    | Got a bound diamond amulet
 32007 | Elf:3    | Got a transparent turquoise ring
 32031 | Elf:3    | Identified the amulet of Zeuluwu {Inacc *Corrode rElec rF+
                  | rN+} (You found it on level 3 of the Elven Halls)
 32032 | Elf:3    | Identified the ring "Rejatasch" {rF+ rC+ MP+9} (You found
                  | it on level 3 of the Elven Halls)
 32093 | Elf:3    | Got a shimmering ring mail
 32094 | Elf:3    | Identified the +2 ring mail of the Bulwark {+Blink rN+
                  | Int-5 SInv} (You found it on level 3 of the Elven Halls)
 32203 | Elf:3    | Got a fine emerald amulet
 32345 | Elf:3    | Reached skill level 1 in Shields
 32430 | Elf:3    | Found Xipp's Jewellery Shoppe.
 32638 | Elf:3    | Found Laupoacs's Antique Weapon Shop.
 32805 | Elf:3    | Reached skill level 5 in Shields
 33011 | Elf:3    | Found Pek Tadgh's Assorted Antiques.
 33025 | Elf:3    | Bought a warped platinum amulet for 160 gold pieces
 33025 | Elf:3    | Identified the amulet of Awe {Spirit +Blink rC- Int+5
                  | Dex+2} (You bought it in a shop on level 3 of the Elven
                  | Halls)
 33026 | Elf:3    | Identified the amulet "Gitsian" {Spirit Str+4} (You found
                  | it on level 3 of the Elven Halls)
 33179 | Elf:3    | Found a bloodstained altar of Trog.
 33780 | Orc:1    | Found a roughly hewn altar of Beogh.
 34269 | Orc:2    | Bought a scroll of enchant armour for 90 gold pieces
 34269 | Orc:2    | Bought a scroll of enchant armour for 90 gold pieces
 34872 | D:14     | Identified Roxanne's Compendium of Transmutation
 34872 | D:14     | Noticed Roxanne
 34879 | D:14     | You are sucked into a shaft and drop 1 floor!
 34879 | D:15     | Entered Level 15 of the Dungeon
 35106 | D:15     | Offered knowledge of Lehudib's Crystal Spear by Vehumet.
 35106 | D:15     | Offered knowledge of Ignition by Vehumet.
 35106 | D:15     | Offered knowledge of Absolute Zero by Vehumet.
 35356 | D:15     | Found a staircase to the Depths.
 35752 | D:15     | Reached skill level 10 in Shields
 36209 | D:15     | Upgraded the game from 0.26-a0-737-g4e9f4955e2 to
                  | 0.26-a0-739-gf55cbd344a
 36367 | D:14     | Found a snail-covered altar of Cheibriados.
 37034 | D:14     | Killed Roxanne
 37034 | D:14     | Reached skill level 10 in Fighting
 37452 | D:14     | Reached XP level 19. HP: 113/113 MP: 22/33
 37603 | D:14     | Found a runed translucent door.
 37981 | D:14     | Found the ring of Phasing {EV+8}
 38534 | D:12     | Killed robertstho's ghost
 38557 | D:12     | Got a smoking rapier
 38624 | D:12     | Identified the +6 rapier of Darkness {drain, rPois} (You
                  | found it on level 12 of the Dungeon)
 38859 | Lair:2   | You are sucked into a shaft and drop 1 floor!
 39925 | Shoals:1 | Entered Level 1 of the Shoals
 40725 | Shoals:2 | Noticed Jorgrun
 40730 | Shoals:2 | Killed Jorgrun
 41163 | Shoals:2 | Found Johe's Jewellery Shoppe.
 41815 | Shoals:3 | Found a runed translucent door.
 41826 | Shoals:3 | Noticed Jafont's ghost (journeyman HOFE)
 41827 | Shoals:3 | Identified the Collected Works on Toxic Transmutation
 41832 | Shoals:3 | Noticed Ilsuiw
 41837 | Shoals:3 | Noticed Bai Suzhen
 41838 | Shoals:3 | Killed Ilsuiw
 41846 | Shoals:3 | Noticed Louise
 41851 | Shoals:3 | Noticed Mara
 42183 | Shoals:3 | Killed Louise
 42196 | Shoals:3 | Killed Mara
 42663 | Shoals:3 | Killed Bai Suzhen
 43127 | Shoals:3 | Killed Jafont's ghost
 44079 | Shoals:4 | Entered Level 4 of the Shoals
 44118 | Shoals:4 | Noticed Polyphemus
 44125 | Shoals:4 | Reached XP level 20. HP: 63/123 MP: 19/37
 44130 | Shoals:4 | Killed Polyphemus
 45247 | Shoals:4 | Reached skill level 5 in Stealth
 45363 | Shoals:4 | Got a barnacled rune of Zot
 45468 | Shoals:4 | Reached skill level 15 in Conjurations
 45521 | Shoals:4 | Found Oqolitwu's Assorted Antiques.
 45751 | Shoals:4 | Got a crude bone ring
 45752 | Shoals:4 | Identified the ring of the Falcon {rF+ rN++} (You found it
                  | on level 4 of the Shoals)
 46410 | Swamp:1  | Entered Level 1 of the Swamp
 48493 | Swamp:4  | Entered Level 4 of the Swamp
 48786 | Swamp:4  | Reached XP level 21. HP: 116/128 MP: 19/39
 48874 | Swamp:4  | Reached skill level 16 in Ice Magic
 49378 | Swamp:4  | Got a decaying rune of Zot
 49980 | D:10     | Found a runed translucent gate.
 49980 | D:10     | Found a runed translucent gate.
 49983 | D:10     | Found a runed translucent gate.
 49984 | D:10     | Noticed Grant146's ghost (novice MiBe)
 49992 | D:10     | Killed Grant146's ghost
 49992 | D:10     | Reached skill level 17 in Ice Magic
 50041 | D:10     | Gained mutation: You are occasionally teleported next to
                  | monsters. [mutagenic glow]
 50053 | D:10     | Gained mutation: Armour fits poorly on your strangely
                  | shaped body. [mutagenic glow]
 50071 | D:10     | Gained mutation: You do not regenerate when monsters are
                  | visible. [mutagenic glow]
 50080 | D:10     | Gained mutation: Your mind is acute. (Int +2) [mutagenic
                  | glow]
 50188 | D:10     | Learned a level 9 spell: Absolute Zero
 50868 | Depths:1 | Entered Level 1 of the Depths
 51014 | Depths:1 | Found an ornate altar of the Wu Jian Council.
 51284 | Depths:1 | Found a gateway to Hell.
 51302 | Depths:1 | Reached skill level 18 in Ice Magic
 51638 | Depths:1 | Found a shadowy altar of Dithmenos.
 51710 | Depths:1 | Found a gateway to a ziggurat.
 53185 | Depths:2 | Reached XP level 22. HP: 77/133 MP: 40/40
 53524 | Depths:2 | Reached skill level 10 in Stealth
 54610 | Depths:3 | Reached skill level 19 in Ice Magic
 55777 | Depths:3 | Reached skill level 20 in Ice Magic
 56172 | Depths:3 | Found a large runed translucent door.
 56172 | Depths:3 | Found a large runed translucent door.
 56593 | Depths:3 | Identified the +12 dagger of Cocytus {flame, rC+ Dex+2
                  | Stlth+}
 56871 | Depths:3 | Reached XP level 23. HP: 116/138 MP: 0/41
 57068 | Depths:3 | Acquired a scarf of invisibility
 57069 | Depths:3 | Acquired the -2 hat "Wibops" {*Contam rC++ MR+++ MP+9}
 57114 | Depths:3 | Identified the Almanac of Ashen Arcane Weapons
 57484 | Depths:4 | Noticed a caustic shrike
 57498 | Depths:4 | Killed a caustic shrike
 57510 | Depths:4 | Noticed a golden dragon
 57879 | Depths:4 | Killed a golden dragon
 58095 | Depths:4 | Identified the +4 battleaxe "Rotisic" {holy, SInv}
 58343 | Depths:4 | Got a pair of jewelled gloves
 58370 | Depths:4 | Identified the +0 pair of gloves "Fixteh" {Harm MR+} (You
                  | found it on level 4 of the Depths)
 58443 | Depths:4 | Found a one-way gate to the infinite horrors of the Abyss.
 58489 | Depths:4 | Identified the +5 rapier "Jellyslayer" {venom, rN+}
 59504 | Vaults:1 | Entered Level 1 of the Vaults
 59676 | Vaults:1 | Noticed Aizul
 59682 | Vaults:1 | Killed Aizul
 59767 | Vaults:1 | Acquired 792 gold pieces
 60079 | Vaults:1 | Reached XP level 24. HP: 144/144 MP: 41/41
 60111 | Vaults:1 | Reached skill level 15 in Evocations
 60117 | Vaults:1 | Got a brightly glowing buckler
 60128 | Vaults:1 | Identified the +0 buckler of Absence {Stlth+} (You found it
                  | on level 1 of the Vaults)
 61403 | Vaults:2 | Noticed Mennas
 61413 | Vaults:2 | Killed Mennas
 61413 | Vaults:2 | Reached skill level 21 in Ice Magic
 61861 | Vaults:2 | Found a staircase to the Crypt.
 62323 | Vaults:2 | Noticed Agnes
 62326 | Vaults:2 | Killed Agnes
 62909 | Vaults:3 | Reached skill level 22 in Ice Magic
 63401 | Vaults:3 | Reached XP level 25. HP: 145/148 MP: 41/41
 63430 | Vaults:3 | Found Fukhus's General Store.
 63443 | Vaults:3 | Bought the +0 robe "Trusted Companion" {MR+ Regen+ Int+7
                  | Dex-3} for 368 gold pieces
 63623 | Vaults:3 | Reached skill level 23 in Ice Magic
 65303 | Vaults:4 | Found a ruined gateway.
 65313 | Desolati | Entered the Desolation of Salt
 65323 | Desolati | Reached skill level 24 in Ice Magic
 65470 | Desolati | Identified the +8 plate armour "Isipnoeb" {rElec rF+ MR+
                  | Int+3} (You found it in the Desolation of Salt)
 65494 | Desolati | Found the +0 sword of Power
 65591 | Desolati | Identified the Disquisition on Ashen Snow
 65596 | Desolati | Identified the Grimoire of the Puffball
 65619 | Desolati | Identified the Disquisition on Conjuration and the Birds
 65633 | Desolati | Identified the cursed +0 scale mail of Shrieking Salvation
                  | {Regen+ MP+9 Int-4 Dex+4} (You found it in the Desolation
                  | of Salt)
 66155 | Desolati | Got a slimy pewter ring
 66156 | Desolati | Identified the ring of Wiymupte {*Drain rPois Int+6 Stlth+}
                  | (You found it in the Desolation of Salt)
 66163 | Desolati | Identified Sif Muna's Almanac of Displaced Companions
 66167 | Desolati | Identified the +4 executioner's axe "Arujosk" {freeze,
                  | rPois rN+} (You found it in the Desolation of Salt)
 66481 | Desolati | Identified the +9 lajatang of Equilibrium {elec, rPois}
                  | (You found it in the Desolation of Salt)
 66516 | Vaults:4 | Upgraded the game from 0.26-a0-739-gf55cbd344a to
                  | 0.26-a0-752-gcff87cac9a
 67106 | Vaults:5 | Entered Level 5 of the Vaults
 67108 | Vaults:5 | Reached skill level 25 in Ice Magic
 67109 | Vaults:5 | Reached XP level 26. HP: 154/154 MP: 41/41
 67510 | Vaults:5 | Identified the +8 rapier of the Endless Expanse {vorpal,
                  | rC+ rN++ MR- Stlth+}
 67510 | Vaults:5 | Identified the ring "Ojaqil" {*Tele +Inv rPois rC- Stlth+}
 67679 | Vaults:5 | Found the amulet of the Air {Inacc +Fly rElec EV+5 RMsl}
 68062 | Vaults:5 | Reached skill level 26 in Ice Magic
 68868 | Vaults:5 | Identified the +2 leather armour of Gallantry {Harm Int+4
                  | Dex-3}
 69243 | Vaults:5 | Identified the Compendium of Calling and Snow
 69315 | Vaults:5 | Got a silver rune of Zot
 69394 | Vaults:5 | Identified the ring "Bituq" {Ice Int+3}
 69498 | Vaults:5 | Identified the cursed +3 trident of Gayxtoh {protect, Str+4
                  | Dex+6 Stlth-} (You found it on level 5 of the Vaults)
 69885 | Vaults:5 | Identified the +4 glaive "Menetz" {venom, rElec Str-4
                  | Stlth+} (You found it on level 5 of the Vaults)
 69992 | Vaults:5 | Identified the cursed +1 plate armour "Ykkuont" {rF+ rC++
                  | Dex-2} (You found it on level 5 of the Vaults)
 70108 | Vaults:5 | Identified the +4 longbow of Eternity {vorpal, Str-5 Int+6
                  | Dex+3} (You found it on level 5 of the Vaults)
 71960 | Orc:2    | Bought a scroll of teleportation for 36 gold pieces
 71962 | Orc:2    | Bought 3 scrolls of teleportation for 108 gold pieces
 71962 | Orc:2    | Bought a scroll of blinking for 90 gold pieces
 72174 | Pan      | Entered Pandemonium
 72238 | Pan      | Reached skill level 27 in Ice Magic
 72248 | Pan      | Reached skill level 10 in Hexes
 72584 | Pan      | Reached XP level 27. HP: 158/158 MP: 41/41
 72589 | Pan      | Gained mutation: You tend to lose your temper in combat. [a
                  | neqoxec]
 72599 | Pan      | Noticed Dacanog the pandemonium lord
 72618 | Pan      | Killed Dacanog the pandemonium lord
 72679 | Pan      | HP: 6/158 [something (30)]
 72680 | Pan      | Demolished by a lorocyproca

Illustrated notes

Levels and vault maps discovered:
D:1:      dpeg_arrival_round_b, layout_basic
D:2:      layout_basic, makhleb_heckhound_becter, uniq_crazy_yiuf_cottage,
          uniq_sigmund
D:3:      layout_loops_corners, cheibriados_altar_1, overflow_temple_1_default,
          zin_academy, uniq_jessica
D:4:      layout_cave_pools, gammafunk_temple_overflow_statue, temple_green
D:5:      layout_gridville, minmay_misc_feat_pillars
D:6:      layout_basic, kennysheep_mini, trog_eyes_of_draining
D:7:      layout_loops_ring, serial_shops, shop
D:8:      layout_cave_pools, kennysheep_ying_yang, kennysheep_mini_moat,
          uniq_grum, uniq_joseph, uniq_pikel
D:9:      layout_basic, chequers_temple_overflow_statue_of_worship
D:10:     minmay_distorted_concentric_squares, layout_basic, erik_orc_3,
          ploomutoo_gammafunk_ghost_potion_laboratory
D:11:     layout_basic, erik_lair_orcish_takeover, basic_altar, serial_shops,
          shop, minmay_guarded_unrand_vampires_tooth
D:12:     layout_roguey, maelrawn_ghost_gauntlet_escape, minmay_holes
D:13:     layout_gridville, david_vaults_5
D:14:     mludivico_vault, layout_small_grid, basic_altar, uniq_roxanne
D:15:     grunt_enter_depths_giant_problem, layout_basic,
          hangedman_decor_opposing, drop_trap
Temple:   compressed_dpeg_triangle_lava_temple
Lair:1:   layout_chaotic_city, serial_bayou_shore_b, uniq_fannar
Lair:2:   layout_gridlike, minivault_27
Lair:3:   layout_cave_pods, swamp_mist, minmay_shoals_entry_hut, st_stairs_13,
          grunt_megastairs_1, uniq_nergalle
Lair:4:   layout_cave_pods, lemuel_fruit_fields, infiniplex_staircase_pool
Lair:5:   layout_cave_pods, minivault_29
Lair:6:   guppyfry_lair_end_dragon, layout_long_grid, wormcave, slime_altar_2,
          kilobyte_rumbling_trees
Swamp:1:  layout_falls_marsh, nicolae_swamp_orc_logging_accident
Swamp:2:  layout_basic_swamp, evilmike_swamp_ruin_rubble_1
Swamp:3:  layout_basic_swamp, nicolae_swamp_trees_clearing
Swamp:4:  swamp_basic_johnstein, layout_basic_swamp
Shoals:1: layout_shoals
Shoals:2: layout_shoals, serial_shops, nicolae_shop_statue_plus, uniq_jorgrun
Shoals:3: cheibrodos_shoals_baths, layout_shoals, ebering_ghost_reflecting_pool,
          kb_tengu_band, uniq_louise, uniq_bai_suzhen, uniq_ilsuiw, uniq_mara
Shoals:4: shoals_end_grunt_ice, layout_shoals, serial_shops,
          nicolae_shop_waterfront, nicolae_shoals_kraken_party, uniq_polyphemus
Orc:1:    orc_temple, layout_caves, serial_shops, shop,
          hangedman_feature_mirror, uniq_snorg
Orc:2:    pf_orc_diabolical, layout_caves, serial_shops, nicolae_shop_crystal,
          uniq_azrael
Elf:1:    elf_arrival_001, layout_loops_ring,
          portal_ice_cave_entry_ice_statue_one, evilmike_minifort
Elf:2:    layout_gridlike, minivault_25_ag
Elf:3:    elf_hall, layout_geoelf_octagon, serial_shops, shop, shop_fountains,
          nicolae_shop_trees, shop, st_stairs_2, minivault_26,
          evilmike_spriggan_trog_shrine
Vaults:1: v_alt_pattern_2, grunt_vaults_hallway_long, hangedman_vaults_cutoff,
          v_rooms_2, st_check, vaults_room_grid, hangedman_vaults_restitches,
          vaults_dpeg_hooks, layout_vaults_omnigrid, uniq_aizul
Vaults:2: vaults_mumra_minichess_inversion, minmay_crypt_entry_vampire_xt,
          v_misc_29, v_pattern_4, nicolae_vaults_little_squares_4,
          sword_in_stone, hangedman_vaults_nodes, hangedman_vaults_stagger,
          nicolae_vaults_little_squares_6, hangedman_vaults_slice,
          layout_vaults_ring, uniq_mennas
Vaults:3: nicolae_vaults_arrows, nicolae_vaults_alarming,
          nicolae_vaults_little_squares_4, v_misc_17, dpeg_vaults_monster_row,
          ontoclasm_vaults_chip, nicolae_vaults_little_ls, v_misc_9,
          hangedman_vaults_slice, serial_ice_m, layout_vaults_big_room,
          serial_shops, shop
Vaults:4: hangedman_vaults_slither, grunt_vaults_focal, vaults_mumra_hexcomb,
          vaults_mumra_bighexcomb, v_misc_22, nicolae_vaults_big_angled_halls,
          vaults_dpeg_encased_lava, nicolae_vaults_yaktaur_gun_rack,
          nicolae_vaults_diagonal_hallway_6, v_pattern_5, v_alt_pattern_1,
          ontoclasm_vaults_decontamination, ontoclasm_vaults_fault,
          layout_vaults_omnibox, portal_desolation_entry_ruin
Vaults:5
Depths:1: layout_honeycomb, enter_ziggurat_a, pan_entry, minmay_misc_feat_chi,
          pf_hell_entry_tar_river, grunt_ministairs_8, drop_trap,
          hangedman_feature_mirror, kennysheep_generic_room_9
Depths:2: cheibrodos_birdhouse, layout_small_grid, hell_entry,
          kennysheep_minor_cross
Depths:3: lightli_eight_chambers, layout_basic, rand_demon_pan_entry_5,
          grunt_hell_horde, grunt_ministairs_14, infiniplex_staircase_pool_2
Depths:4: hangedman_pleasuredromes, hell_entry, abyss_entry, pan_entry
Pan:      nicolae_pan_hourglass, layout_basic, nicolae_pan_lom_lobonic_1,
          nicolae_pan_sigil_nadil

Skill      XL: |  1  2  3  4  5  6  7  8  9 10 11 12 13 14 15 16 17 18 19 20 21 22 23 24 25 26 27 |
---------------+----------------------------------------------------------------------------------+-----
Earth Magic    | 4 7 8 10 11 | 11.0
Staves         | 1 2 |  2.3
Spellcasting   | 6 8 10 13 14 | 14.2
Fighting       | 7 9 10 12 | 12.4
Evocations     | 6 10 14 16 | 16.0
Conjurations   | 2 5 6 9 12 14 16 | 16.3
Fire Magic     | 2 5 |  5.1
Short Blades   | 5 |  5.2
Ice Magic      | 5 11 15 18 20 22 25 27 | 27.0
Long Blades    | 4 |  4.5
Armour         | 5 8 |  8.0
Dodging        | 5 |  5.5
Hexes          | 8 9 10 12 | 12.1
Shields        | 10 | 10.0
Stealth        | 6 9 12 | 12.8
Transmutations | |  0.7

Action                   |  1- 3 |  4- 6 |  7- 9 | 10-12 | 13-15 | 16-18 | 19-21 | 22-24 | 25-27 || total
-------------------------+-------+-------+-------+-------+-------+-------+-------+-------+-------++-------
Melee: Unarmed           |     9 |       |       |       |       |       |       |       |       ||     9
       Spear             |    29 |       |       |       |       |       |       |       |       ||    29
       Short sword       |       |    79 |       |       |       |       |       |       |       ||    79
       Quarterstaff      |       |    55 |   150 |   146 |       |       |       |       |       ||   351
       Quick blade       |       |       |       |   104 |    78 |    11 |    63 |    42 |    37 ||   335
       Staff             |       |       |       |       |    34 |    89 |    64 |     8 |     6 ||   201
Throw: Stone             |       |       |       |       |     5 |     1 |       |     2 |       ||     8
 Cast: Sandblast         |    18 |    46 |    70 |   193 |   179 |   136 |   223 |   122 |    43 ||  1030
       Lee's Rapid Decon |       |       |     5 |    48 |    10 |     1 |       |       |       ||    64
       Bolt of Magma     |       |       |       |    15 |    21 |     3 |    12 |     6 |     5 ||    62
       Foxfire           |       |       |       |    19 |    13 |       |       |       |       ||    32
       Inner Flame       |       |       |       |     1 |       |     1 |       |       |       ||     2
       Ozocubu's Refrige |       |       |       |       |   146 |   176 |   278 |   253 |   154 ||  1007
       Iron Shot         |       |       |       |       |    34 |    28 |    16 |     9 |    10 ||    97
       Orb of Destructio |       |       |       |       |       |    50 |    97 |   127 |    83 ||   357
       Invisibility      |       |       |       |       |       |       |     3 |     2 |       ||     5
       Absolute Zero     |       |       |       |       |       |       |       |     4 |    54 ||    58
 Abil: Fly               |       |       |       |       |     1 |       |       |       |       ||     1
Evoke: Wand              |       |       |       |     5 |     5 |    16 |    17 |    12 |     1 ||    56
       Box of beasts     |       |       |       |     2 |     2 |     5 |     2 |     3 |       ||    14
       Tin of tremorston |       |       |       |       |       |     3 |     5 |     4 |       ||    12
       Lightning rod     |       |       |       |       |       |     2 |     5 |     2 |       ||     9
       Phantom mirror    |       |       |       |       |       |     1 |     2 |     2 |       ||     5
       Condenser vane    |       |       |       |       |       |       |       |     1 |       ||     1
  Use: Scroll            |       |     2 |     8 |     5 |    17 |    11 |    11 |    16 |    16 ||    86
       Potion            |       |       |    10 |     6 |       |       |       |     4 |     2 ||    22
 Stab: Sleeping          |       |     1 |     4 |     1 |       |       |       |     1 |       ||     7
       Distracted        |       |       |       |       |       |     1 |       |       |       ||     1
Armor: Robe              |    25 |   109 |    67 |   137 |    79 |       |       |       |    31 ||   448
       Acid dragon scale |       |       |       |       |     2 |   208 |   157 |    21 |       ||   388
       Troll leather arm |       |       |       |       |       |       |       |    90 |       ||    90
Dodge: Dodged            |    38 |   138 |   139 |   203 |   195 |   141 |   110 |    75 |    34 ||  1073
Block: Kite shield       |       |       |       |       |       |    85 |   278 |   148 |    75 ||   586
       Reflection        |       |       |       |       |       |    17 |    63 |    41 |    25 ||   146
       Other             |       |       |       |       |       |     2 |       |     1 |       ||     3

Table legend: (Time is in decaauts)
 A = Elapsed time spent in this place.
 B = Non-inter-level travel time spent in this place.
 C = Inter-level travel time spent in this place.
 D = Time resting spent in this place.
 E = Time spent auto-exploring this place.
 F = Levels seen in this place.
 G = Mean time per level.
                   A        B        C        D        E       F      G
               +--------+--------+--------+--------+--------+-----+--------+
         Total |  69468 |  68964 |    504 |      0 |  43219 |  46 | 1510.2 |
       Dungeon |  22277 |  22072 |    205 |      0 |  13123 |  15 | 1485.1 |
        Temple |    112 |    112 |      0 |      0 |     10 |   1 |  112.0 |
          Lair |   9950 |   9891 |     59 |      0 |   6558 |   6 | 1658.3 |
         Swamp |   3114 |   3114 |      0 |      0 |   2102 |   4 |  778.5 |
        Shoals |   5926 |   5905 |     21 |      0 |   4035 |   4 | 1481.5 |
  Orcish Mines |   3364 |   3213 |    151 |      0 |   1670 |   2 | 1682.0 |
   Elven Halls |   5572 |   5551 |     21 |      0 |   3703 |   3 | 1857.3 |
        Vaults |   9499 |   9454 |     45 |      0 |   5783 |   5 | 1899.8 |
        Depths |   8042 |   8042 |      0 |      0 |   5275 |   4 | 2010.5 |
   Pandemonium |    481 |    481 |      0 |      0 |    307 |   1 |  481.0 |
    Desolation |   1127 |   1127 |      0 |      0 |    648 |   1 | 1127.0 |
               +--------+--------+--------+--------+--------+-----+--------+

Top non-repeatable levels by time:
Depths:3: 3124 daAuts
    D:10: 2847 daAuts
Vaults:5: 2833 daAuts
    D:14: 2409 daAuts
    D:11: 2202 daAuts
  Lair:6: 2197 daAuts
   Orc:2: 2148 daAuts
    D:13: 2094 daAuts
Depths:2: 1968 daAuts
   Elf:2: 1952 daAuts
Shoals:4: 1886 daAuts
   Elf:1: 1880 daAuts
  Lair:5: 1866 daAuts
Vaults:3: 1859 daAuts
  Lair:3: 1820 daAuts
